 Dungeon Crawl Stone Soup version 0.23-a0-296-ga3b1b28ecf (webtiles) character file.

112 Rrauwl the Charlatan (level 5, 0/27 HPs)
             Began as a Kobold Artificer on Oct 4, 2018.
             Was an Initiate of Hepliaklqana.
             Succumbed to a goblin's poison
             ... on level 3 of the Dungeon.
             The game lasted 00:06:47 (2535 turns).

Rrauwl the Charlatan (Kobold Artificer)             Turns: 2535, Time: 00:06:48

Health: 0/27       AC:  5    Str: 10    XL:     5   Next: 16%
Magic:  8/8        EV: 13    Int: 13    God:    Hepliaklqana [......]
Gold:   91         SH:  0    Dex: 15    Spells: 4/4 levels left

rFire    . . .     SeeInvis .   a - +0 dagger (pain)
rCold    . . .     Gourm    .   (shield restricted)
rNeg     . . .     Faith    .   l - +0 ring mail
rPois    .         Spirit   .   k - +0 hat
rElec    .         Reflect  .   (no cloak)
rCorr    .         Harm     .   (no gloves)
MR       .....                  (no boots)
Stlth    +.........             (no amulet)
HPRegen  0.09/turn              (no ring)
MPRegen  0.11/turn              (no ring)

@: lethally poisoned (0 -> -12)
A: small, reduced essence, carnivore
a: Recall Ancestor, Ancestor Identity, Renounce Religion


You were on level 3 of the Dungeon.
You worshipped Hepliaklqana.
Hepliaklqana was noncommittal.
You were very full.

You visited 1 branch of the dungeon, and saw 3 of its levels.

You collected 91 gold pieces.

Inventory:

Hand Weapons
 a - a +0 dagger of pain (weapon)
 b - a +2 dagger of venom
Missiles
 h - 15 bolts
Armour
 k - a +0 hat (worn)
 l - a +0 ring mail (worn)
Wands
 c - a wand of flame (12)
 d - a wand of enslavement (13)
 e - a wand of random effects (12)
Scrolls
 g - 3 scrolls of teleportation {unknown}
 i - 2 scrolls of enchant armour {unknown}
 j - a scroll of blinking {unknown}
 n - a scroll of enchant weapon {unknown}
Potions
 m - a potion of brilliance
Comestibles
 f - 7 rations
 o - 3 chunks of flesh


   Skills:
 - Level 2.0 Fighting
 - Level 2.0 Short Blades
 + Level 1.6 Armour
 - Level 3.0 Dodging
 - Level 2.0 Stealth
 + Level 4.9 Evocations


You had 4 spell levels left.
You didn't know any spells.
Your spell library was empty.

Dungeon Overview and Level Annotations

Branches:
Dungeon (3/15)

Altars:
Ashenzari
Cheibriados
Elyvilon
Hepliaklqana
Ru
Yredelemnul


Innate Abilities, Weirdness & Mutations

You are small and have problems with some larger weapons.
You are carnivorous and can eat meat at any time.
Your life essence is reduced to manifest your ancestor. (-10% HP)


Message History

You feel sick.
Okay, then.
* * * LOW HITPOINT WARNING * * *
You feel sick.
Things that are here:
a dagger of venom; a club; a goblin corpse
b - a dagger of venom
* * * LOW HITPOINT WARNING * * *
You feel sick.
* * * LOW HITPOINT WARNING * * *
You feel sick.
Things that are here:
a club x2; a hobgoblin corpse
* * * LOW HITPOINT WARNING * * *
You feel sick.
* * * LOW HITPOINT WARNING * * *
You feel sick.
Items here: )) [[ a club; a short sword; an animal skin; a helmet You die...

##.# #... #..#
#..# #..# #..#
#.)# #
#.)#######.#
#..@).)))..#
###)#########
#......######
#............
#...#........
##.##(.###### #.
#.(# ..
#.###############
### #.#
#............


There were no monsters in sight!

Vanquished Creatures
  An adder (D:2)
  2 gnolls (D:2)
  2 oozes
  9 bats
  3 giant cockroaches
  2 hobgoblins
  2 jackals (D:1)
  6 frilled lizards
  9 goblins
  7 kobolds
  9 rats
52 creatures vanquished.

Vanquished Creatures (collateral kills)
  Robin (D:3)
  A gnoll (D:2)
  4 goblins
  3 hobgoblins (D:3)
  A rat (D:2)
10 creatures vanquished.

Vanquished Creatures (others)
  An ancestor (D:3)
1 creature vanquished.

Grand Total: 63 creatures vanquished

Notes
Turn   | Place    | Note
-------+----------+-------------------------------------------
     0 | D:1      | Rrauwl the Kobold Artificer began the quest for the Orb.
     0 | D:1      | Reached XP level 1. HP: 12/12 MP: 3/3
   251 | D:1      | Reached XP level 2. HP: 16/16 MP: 4/4
   700 | D:1      | Reached XP level 3. HP: 20/20 MP: 5/5
  1031 | D:1      | Reached skill level 4 in Evocations
  1096 | D:2      | Found a white marble altar of Elyvilon.
  1096 | D:2      | Found a sacrificial altar of Ru.
  1097 | D:2      | Found a basalt altar of Yredelemnul.
  1099 | D:2      | Found a snail-covered altar of Cheibriados.
  1100 | D:2      | Found a shattered altar of Ashenzari.
  1190 | D:2      | Found a hazy altar of Hepliaklqana.
  1196 | D:2      | Became a worshipper of Hepliaklqana the Forgotten
  1531 | D:2      | Reached XP level 4. HP: 18/23 MP: 7/7
  1546 | D:2      | Reached skill level 1 in Armour
  2404 | D:3      | Noticed Robin
  2481 | D:3      | Killed Robin
  2481 | D:3      | Reached XP level 5. HP: 19/27 MP: 8/8
  2534 | D:3      | HP: 1/27 [poisoned by a goblin]
  2535 | D:3      | Succumbed to a goblin's poison

Vault maps used:
D:1:      dpeg_chamrin_arrival_tetris
D:2:      lemuel_round_altar, grunt_temple_overflow_open,
          nicolae_underground_beach
D:3:      serial_glass, glass_columns_a, glass_columns_b, uniq_robin, uniq_ijyb

Skill      XL: |  1  2  3  4 |
---------------+-------------+-----
Stealth        | 2 |  2.0
Short Blades   | 2 |  2.0
Evocations     | 4 |  4.9
Dodging        | 3 |  3.0
Fighting       | 2 |  2.0
Armour         | 1 |  1.6

Action                   |  1- 3 |  4- 6 || total
-------------------------+-------+-------++-------
Melee: Short sword       |    49 |       ||    49
       Dagger            |    82 |    75 ||   157
Invok: Recall Ancestor   |       |     3 ||     3
Evoke: Wand              |     1 |     7 ||     8
  Use: Potion            |     4 |     2 ||     6
 Stab: Sleeping          |     6 |     1 ||     7
  Eat: Chunk             |    10 |     3 ||    13
Armor: Leather armour    |    15 |       ||    15
       Ring mail         |    11 |    15 ||    26
       Skin              |       |     2 ||     2
Dodge: Dodged            |    93 |    40 ||   133

Table legend:
 A = Non-vault XP
 B = Vault XP
 C = Vault XP percentage of total XP
 D = Non-vault monster count
 E = Vault monster count
 F = Vault count percentage of total count
                 A         B        C        D         E       F
            +---------+---------+-------+---------+---------+-------
      Total |     125 |      35 |  21.9 |      50 |      12 |  19.4
            +---------+---------+-------+---------+---------+-------
        D:1 |      35 |       0 |   0.0 |      23 |       0 |   0.0
        D:2 |      84 |       0 |   0.0 |      24 |       0 |   0.0
        D:3 |       6 |      35 |  85.4 |       3 |      12 |  80.0
            +---------+---------+-------+---------+---------+-------
